 Dungeon Crawl Stone Soup version 0.24.1-14-gf8d2b509d9 (webtiles) character file.

Game seed: 18258919679385075020, levelgen mode: deterministic

3295 PaperTurtle the Basher (level 9, 0/75 HPs)
             Began as a Minotaur Fighter on May 18, 2020.
             Was a Priest of Trog.
             Slain by a vampire (1 damage)
             ... on level 7 of the Dungeon.
             The game lasted 00:32:11 (7294 turns).

PaperTurtle the Basher (Minotaur Fighter)           Turns: 7294, Time: 00:32:12

Health: 0/75       AC:  8    Str: 24    XL:     9   Next: 69%
Magic:  8/8        EV: 15    Int:  5    God:    Trog [***...]
Gold:   269        SH: 11    Dex: 10    Spells: 8/8 levels left

rFire    + . .     SeeInvis .   o - +4 flail "Earthworm" {drain, rF+ rN+}
rCold    + . .     Gourm    .   c - +0 shield
rNeg     + . .     Faith    .   u - +0 scale mail {rC+}
rPois    .         Spirit   .   (helmet restricted)
rElec    .         Reflect  .   (no cloak)
rCorr    .         Harm     .   (no gloves)
MR       .....                  (no boots)
Stlth    ..........             (no amulet)
HPRegen  0.22/turn              k - +4 ring of evasion
MPRegen  0.11/turn              (no ring)

@: no status effects
A: retaliatory headbutt, horns 2
a: Berserk, Trog's Hand, Renounce Religion


You were on level 7 of the Dungeon.
You worshipped Trog.
Trog was most pleased with you.
You were not hungry.

You visited 1 branch of the dungeon, and saw 7 of its levels.
You also visited: Sewer.

You collected 269 gold pieces.

Inventory:

Hand Weapons
 o - the +4 flail "Earthworm" (weapon) {drain, rF+ rN+}
   (You found it on level 4 of the Dungeon)

   A truly terrible weapon, it drains the life of those it strikes.
   It protects you from fire.
   It protects you from negative energy.
 r - a +1 dire flail of crushing
 s - the +1 war axe "Wocuukuoz" {protect, rElec}
   (You found it on level 5 of the Dungeon)

   It grants its wielder temporary protection when it strikes (+7 to AC).
   It insulates you from electricity.
Armour
 c - a +0 shield (worn)
 u - a +0 scale mail of cold resistance (worn)
Jewellery
 k - a +4 ring of evasion (left hand)
Wands
 a - a wand of random effects (17)
 h - a wand of iceblast (9)
 t - a wand of disintegration (12)
 v - a wand of acid (11)
Scrolls
 j - a scroll of teleportation
 q - 3 scrolls of identify
 w - 2 scrolls of enchant armour {unknown}
Potions
 b - a potion of magic {unknown}
 d - a potion of might
 e - a potion of berserk rage {unknown}
 g - 3 potions of mutation {unknown}
 i - 4 potions of brilliance
 l - 5 potions of curing
 m - 2 potions of heal wounds {unknown}
 n - 2 potions of degeneration {unknown}
 p - a potion of flight {unknown}
 x - a potion of invisibility {unknown}
Comestibles
 f - 11 rations


   Skills:
 + Level 6.1 Fighting
 + Level 5.4(7.8) Axes
 + Level 8.7(9.4) Maces & Flails
 + Level 7.3 Armour
 * Level 6.2 Dodging
 + Level 0.6 Stealth
 + Level 8.1 Shields


You had 8 spell levels left.
You didn't know any spells.
Your spell library contained the following spells:

 Spells                   Type           Power        Failure   Level  Hunger
 Magic Dart               Conj           #...         96%         1    ##.....
 Blink                    Tloc           N/A          99%         2    ###....
 Call Imp                 Summ           #.......     99%         2    ###....
 Slow                     Hex            #.......     99%         2    ###....
 Conjure Flame            Conj/Fire      #.......     100%        3    ####...
 Mephitic Cloud           Conj/Pois/Air  #.......     100%        3    ####...


Dungeon Overview and Level Annotations

Branches:
Dungeon (7/15)             Temple (0/1) D:6           Sewer (visited)

Altars:
Elyvilon
Fedhas
Hepliaklqana
Nemelex Xobeh
Okawaru
Qazlal
Sif Muna
Trog
Vehumet
Yredelemnul
Zin
The Shining One


Innate Abilities, Weirdness & Mutations

You reflexively headbutt those who attack you in melee.
You have a pair of horns on your head.


Message History

You see here a wand of flame (28).
Something hits you but does no damage. Something barely misses you.
You hear some strange, mumbled words.
Something tries to affect you, but you resist.
Something hits you.
* * * LOW HITPOINT WARNING * * *
Something bites you!
* * * LOW HITPOINT WARNING * * *
Something draws strength from your injuries!
You feel better. You block something's attack. x2
You completely miss something. Something completely misses you.
Something bites you.
* * * LOW HITPOINT WARNING * * *
Something draws strength from your injuries!
You closely miss something. Something hits you but does no damage.
Something bites you!
* * * LOW HITPOINT WARNING * * *
You miss something. Your headbutt misses something.
Something hits you but does no damage. Something bites you.
You die...

######
#.........#
#.........#
#.........#
#.........#
#.......%.#
#.........#
#.........#
#.....{/..#
#..[..@$..#
#......>..#
#.........#
#.........#
'..........#
8#...(......#
##.........#
#.........#


There were no monsters in sight!

Vanquished Creatures
  Grinder (D:5)
  A wyvern (D:7)
  A human (D:7)
  4 hogs (D:7)
  Duvessa (D:5)
  Edmund (D:5)
  A water moccasin (D:6)
  An ice beast (D:7)
  An orc warrior (D:6)
  A sky beast (D:7)
  2 phantoms
  2 centaurs (D:6)
  2 bullfrogs
  Dowan (D:5)
  2 scorpions
  3 wights (D:7)
  2 crimson imps
  A centaur skeleton (D:5)
  Crazy Yiuf (D:5)
  A gnoll shaman (D:6)
  An orc priest (D:3)
  Ijyb (D:5)
  5 orc wizards
  5 worker ants
  2 hound zombies
  A hound skeleton (D:4)
  16 gnolls
  2 howler monkey skeletons (D:7)
  7 adders
  3 shadow imps
  4 oozes
  5 worms
  5 dart slugs
  7 leopard geckos
  24 orcs
  2 ball pythons (Sewer)
  13 giant cockroaches
  10 goblins
  7 hobgoblins
  10 jackals
  3 quokkas
  A ball python zombie (D:6)
  6 bats
  9 frilled lizards
  8 kobolds
  A leopard gecko skeleton (D:6)
  A quokka skeleton (D:7)
  10 rats
199 creatures vanquished.

Notes
Turn   | Place    | Note
-------+----------+-------------------------------------------
     0 | D:1      | PaperTurtle the Minotaur Fighter began the quest for the
                  | Orb.
     0 | D:1      | Reached XP level 1. HP: 19/19 MP: 0/0
    88 | D:1      | Reached XP level 2. HP: 27/27 MP: 1/1
   349 | D:1      | Reached XP level 3. HP: 33/33 MP: 2/2
   974 | D:2      | Reached skill level 1 in Dodging
   974 | D:2      | Reached XP level 4. HP: 26/40 MP: 3/3
  1189 | D:2      | Reached XP level 5. HP: 41/46 MP: 4/4
  2422 | D:3      | Found an iron altar of Okawaru.
  2422 | D:3      | Found a bloodstained altar of Trog.
  2428 | D:3      | Became a worshipper of Trog the Wrathful
  2446 | D:3      | Reached XP level 6. HP: 53/53 MP: 5/5
  2709 | D:3      | Found an iron altar of Okawaru.
  2712 | D:3      | Reached skill level 5 in Armour
  3140 | D:4      | Got a pitted flail
  3162 | D:4      | Identified the +4 flail "Earthworm" {drain, rF+ rN+} (You
                  | found it on level 4 of the Dungeon)
  3174 | D:4      | Reached skill level 5 in Shields
  3183 | D:4      | Reached * piety under Trog
  3183 | D:4      | Reached skill level 5 in Axes
  3451 | D:4      | Reached XP level 7. HP: 54/60 MP: 6/6
  3661 | D:4      | Reached skill level 1 in Maces & Flails
  3988 | D:5      | Entered Level 5 of the Dungeon
  3988 | D:5      | Noticed Dowan
  3990 | D:5      | Noticed Duvessa
  3995 | D:5      | Killed Duvessa
  4003 | D:5      | Killed Dowan
  4064 | D:5      | Noticed Edmund
  4073 | D:5      | Killed Edmund
  4102 | D:5      | Found a shimmering blue altar of Sif Muna.
  4147 | D:5      | Got a fine war axe
  4149 | D:5      | Identified the +1 war axe "Wocuukuoz" {protect, rElec} (You
                  | found it on level 5 of the Dungeon)
  4221 | D:5      | Noticed Grinder
  4228 | D:5      | Paralysed by Grinder for 4 turns
  4236 | D:5      | Killed Grinder
  4236 | D:5      | Reached skill level 5 in Fighting
  4236 | D:5      | Reached XP level 8. HP: 52/68 MP: 7/7
  4274 | D:5      | Found a runed translucent door.
  4275 | D:5      | Noticed Crazy Yiuf
  4281 | D:5      | Killed Crazy Yiuf
  4281 | D:5      | Reached skill level 5 in Maces & Flails
  4460 | D:5      | Noticed Ijyb
  4467 | D:5      | Killed Ijyb
  4556 | D:5      | Found a glowing drain.
  4560 | Sewer    | Entered a sewer
  4580 | Sewer    | Reached ** piety under Trog
  5283 | D:6      | Found a staircase to the Ecumenical Temple.
  5742 | D:6      | Found a glowing golden altar of the Shining One.
  5773 | D:6      | Found a glowing silver altar of Zin.
  5917 | D:6      | Reached skill level 5 in Dodging
  5924 | D:6      | Reached XP level 9. HP: 38/74 MP: 8/8
  6287 | D:6      | Found a sparkling altar of Nemelex Xobeh.
  6287 | D:6      | Found a white marble altar of Elyvilon.
  6733 | D:7      | Reached *** piety under Trog
  7081 | D:7      | Found a radiant altar of Vehumet.
  7088 | D:7      | Found a hazy altar of Hepliaklqana.
  7088 | D:7      | Found a stormy altar of Qazlal.
  7088 | D:7      | Found a blossoming altar of Fedhas.
  7092 | D:7      | Found a basalt altar of Yredelemnul.
  7293 | D:7      | HP: 1/75 [something (11)]
  7294 | D:7      | Slain by a vampire

Levels and vault maps discovered:
D:1:      minmay_arrival_nine_rooms, layout_loops_cross
D:2:      layout_loops_ring, first_ration
D:3:      layout_loops_corners, gammafunk_temple_overflow_statue,
          minmay_door_square, grunt_ministairs_13, okawaru_altar_gauntlet_db
D:4:      layout_rooms
D:5:      layout_loops_ring, basic_altar, gup_sewer_entry_spiral, uniq_grinder,
          uniq_crazy_yiuf_cottage, uniq_duvessa, uniq_edmund, uniq_ijyb
D:6:      layout_layer_cave, nicolae_tso_swordbearing_angel,
          chequers_temple_overflow_statue_of_worship, minmay_temple_entry_wispy
D:7:      minmay_chambers_of_sevens, layout_gridville, minitemple,
          grunt_livestock, grunt_ministairs_1

Skill      XL: |  1  2  3  4  5  6  7  8  9 |
---------------+----------------------------+-----
Armour         | 4 5 6 7 |  7.3
Shields        | 4 5 6 7 8 |  8.1
Axes           | 3 4 5 |  5.4
Fighting       | 4 5 6 |  6.1
Dodging        | 1 2 3 5 6 |  6.2
Maces & Flails | 4 7 8 |  8.7
Stealth        | |  0.6

Action                   |  1- 3 |  4- 6 |  7- 9 || total
-------------------------+-------+-------+-------++-------
Melee: War axe           |    70 |   156 |       ||   226
       Headbutt          |    15 |    42 |    43 ||   100
       Flail             |       |    40 |   264 ||   304
  Use: Scroll            |       |     6 |     2 ||     8
       Potion            |       |     1 |     2 ||     3
  Eat: Ration            |       |     3 |     3 ||     6
       Chunk             |       |       |     3 ||     3
Armor: Scale mail        |    17 |       |    34 ||    51
       Chain mail        |    18 |   105 |    40 ||   163
Dodge: Dodged            |    30 |    80 |   147 ||   257
Block: Shield            |    33 |   109 |   152 ||   294
